 Dungeon Crawl Stone Soup version 0.24.0-2-g5b39cebb1c (webtiles) character file.

Game seed: 8208832517876063581, levelgen mode: deterministic

66 Esekla the Magician (level 3, 0/16 HPs)
             Began as a Spriggan Wizard on Nov 1, 2019.
             Was an Initiate of Ashenzari.
             Shot with an arrow by a centaur (12 damage)
             ... on level 3 of the Dungeon.
             The game lasted 00:18:58 (2761 turns).

Esekla the Magician (Spriggan Wizard)               Turns: 2761, Time: 00:18:59

Health: 0/16       AC:  2    Str:  3    XL:     3   Next: 96%
Magic:  7/10       EV: 19    Int: 19    God:    Ashenzari [......]
Gold:   76         SH:  0    Dex: 15    Spells: 3/12 levels left

rFire    . . .     SeeInvis +   i - +0 dagger
rCold    . . .     Gourm    .   (shield restricted)
rNeg     . . .     Faith    .   a - +0 robe
rPois    .         Spirit   .   b - +0 hat
rElec    .         Reflect  .   (no cloak)
rCorr    .         Harm     .   (gloves unavailable)
MR       .....                  (boots unavailable)
Stlth    +.........             (no amulet)
HPRegen  0.05/turn              (no ring)
MPRegen  0.12/turn              (no ring)

@: slow
A: very small, unfitting armour, see invisible, herbivore, speed 3, slow
metabolism 2
a: Curse Item, Renounce Religion


You were on level 3 of the Dungeon.
You worshipped Ashenzari.
Ashenzari was noncommittal.
You were not hungry.

You visited 1 branch of the dungeon, and saw 3 of its levels.

You collected 76 gold pieces.

Inventory:

Hand Weapons
 e - a +0 mace
 i - a +0 dagger (weapon)
Armour
 a - a +0 robe (worn)
 b - a +0 hat (worn)
Wands
 n - a wand of scattershot (7)
Scrolls
 f - a scroll of identify {unknown}
 k - a scroll of fog {unknown}
 l - a scroll of teleportation {unknown}
 m - a scroll of immolation {unknown}
Potions
 c - a potion of brilliance {unknown}
 g - 2 potions of heal wounds {unknown}
 h - a potion of curing {unknown}
 j - a potion of agility {unknown}
Comestibles
 d - 2 rations


   Skills:
 + Level 0.4 Short Blades
 + Level 3.7 Dodging
 + Level 3.4 Stealth
 + Level 5.1 Spellcasting
 + Level 1.1 Conjurations
   Level 0.7 Summonings
 * Level 2.4 Translocations


You had 3 spell levels left.
You knew the following spells:

 Your Spells              Type           Power        Failure   Level  Hunger
a - Magic Dart            Conj           #...         8%          1    None
b - Blink                 Tloc           N/A          7%          2    #......
c - Mephitic Cloud        Conj/Pois/Air  #.......     32%         3    ##.....
f - Conjure Flame         Conj/Fire      #.......     30%         3    ##.....

Your spell library contained the following spells:

 Spells                   Type           Power        Failure   Level  Hunger
 Call Imp                 Summ           #.......     14%         2    #......
 Slow                     Hex            #.......     19%         2    #......


Dungeon Overview and Level Annotations

Branches:
Dungeon (3/15)

Altars:
Ashenzari
Cheibriados
Nemelex Xobeh


Innate Abilities, Weirdness & Mutations

You are very small and have problems with some larger weapons.
You are too small for most types of armour.
You have supernaturally acute eyesight. (SInv)
You are a herbivore.
You cover ground extremely quickly.
You need to consume almost no food.


Message History

You see here a wand of scattershot (7).
n - a wand of scattershot (7)
Found a snail-covered altar of Cheibriados.
A dart slug comes into view.
You enter the shallow water.
Moving in this stuff is going to be slow.
The dart slug bites you. The dart slug launches a dart at you.
The slug dart hits you.
Your magical contamination has completely faded away.
The centaur shouts!
The centaur shoots an arrow.
The arrow barely misses you.
The centaur shoots an arrow.
The arrow completely misses you.
The centaur shoots an arrow.
The arrow closely misses you.
You see here 2 arrows.
You enter the shallow water.
Moving in this stuff is going to be slow.
The centaur shoots an arrow.
The arrow hits you!
Ouch! That really hurt!
You die...

#.####(## ......>
##.##.c.###..#....§
##...#..≈≈≈≈≈.§§≈§≈#
#####.......≈####+####§#
#...........##
#.##........#
#.#.≈≈≈.....#
#..≈≈≈≈≈##..#
#..≈≈.≈@_##.# ##
##.≈≈≈≈≈## ### ##.
##.≈≈≈.# #.#########..
#####.# #..........##
#.# #..........## #.#
#..(.......## #.#
##..........## #.#
#...######÷<.#
##.###..##### ###.#


You could see a centaur.

Vanquished Creatures
  An adder (D:2)
  An ooze (D:2)
  3 worms
  2 dart slugs (D:2)
  3 ball pythons
  5 bats
  4 giant cockroaches
  5 goblins
  3 hobgoblins
  3 jackals
  2 quokkas (D:2)
  2 frilled lizards
  2 kobolds
  A rat (D:2)
37 creatures vanquished.

Notes
Turn   | Place    | Note
-------+----------+-------------------------------------------
     0 | D:1      | Esekla the Spriggan Wizard began the quest for the Orb.
     0 | D:1      | Reached XP level 1. HP: 9/9 MP: 6/6
   604 | D:2      | Reached XP level 2. HP: 5/13 MP: 4/8
   829 | D:2      | Learned a level 2 spell: Blink
  1415 | D:2      | Reached XP level 3. HP: 14/16 MP: 5/10
  1695 | D:3      | Noticed a centaur
  1932 | D:2      | Reached skill level 5 in Spellcasting
  1932 | D:2      | Reached skill level 1 in Conjurations
  2104 | D:2      | Found a shattered altar of Ashenzari.
  2145 | D:2      | Became a worshipper of Ashenzari the Shackled
  2305 | D:3      | Found a sparkling altar of Nemelex Xobeh.
  2632 | D:3      | Noticed an ogre
  2651 | D:3      | Learned a level 3 spell: Mephitic Cloud
  2655 | D:3      | Learned a level 3 spell: Conjure Flame
  2707 | D:3      | Found a snail-covered altar of Cheibriados.
  2761 | D:3      | Shot with an arrow by a centaur

Levels and vault maps discovered:
D:1:      minmay_arrival_floating_metal, layout_basic, minmay_misc_feat_columns
D:2:      layout_basic, ashenzari_altar_1
D:3:      wad_pebble_path, layout_rooms, lightli_temple_of_fire,
          kiku_gazebo_pond_becter, kennysheep_slug_shrine, old_standard_altar,
          uniq_grinder

Skill      XL: |  1  2  3 |
---------------+----------+-----
Spellcasting   | 5 |  5.1
Conjurations   | 1 |  1.1
Translocations | 2 |  2.4
Short Blades   | |  0.4
Dodging        | |  3.7
Stealth        | |  3.4
Summonings     | |  0.7

Action                   || total
-------------------------++-------
Melee: Dagger            ||    80
 Cast: Magic Dart        ||   113
 Stab: Sleeping          ||     6
Armor: Robe              ||    16
Dodge: Dodged            ||   123
